 Dungeon Crawl Stone Soup version 0.19.5 (webtiles) character file.

42 Jerry the Grave Robber (level 3, 24/24 HPs)
             Began as a Vampire Necromancer on Apr 4, 2017.
             Quit the game on level 2 of the Dungeon.
             The game lasted 00:06:42 (2107 turns).

Jerry the Grave Robber (Vampire Necromancer)        Turns: 2107, Time: 00:06:43

Health: 24/24      AC:  3    Str:  7    XL:     3   Next: 33%
Magic:  6/6        EV: 12    Int: 18    God:
Gold:   84         SH:  0    Dex: 14    Spells: 2 memorised, 5 levels left

rFire  . . .     SeeInvis +     l - +0 dagger
rCold  + . .     Gourm    .     a - +0 robe
rNeg   + + .     Faith    .     (no shield)
rPois  +         Spirit   .     q - +0 helmet
rElec  .         Reflect  .     (no cloak)
rCorr  +         Harm     .     (no gloves)
MR     .....                    (no boots)
Stlth  +++.......               (no amulet)
                                (no ring)
                                r - ring of resist corrosion

@: regenerating slowly
A: fangs 3, see invisible, unbreathing
a: Bat Form


You were on level 2 of the Dungeon.
You were near bloodless.

You visited 1 branch of the dungeon, and saw 2 of its levels.

You collected 84 gold pieces.

Inventory:

Hand Weapons
 l - a +0 dagger (weapon)
Missiles
 m - 3 tomahawks (quivered)
Armour
 a - a +0 robe (worn)
 q - a +0 helmet (worn)
Jewellery
 r - a ring of resist corrosion (left hand)
Scrolls
 f - a scroll of identify {unknown}
 h - a scroll of amnesia {unknown}
 i - a scroll of remove curse {unknown}
 k - a scroll of teleportation {unknown}
 n - 2 scrolls of immolation {unknown}
 o - a scroll of magic mapping {unknown}
 s - a scroll of enchant armour {unknown}
Potions
 c - 11 potions of blood
 d - a potion of mutation {unknown}
 e - 2 potions of magic {unknown}
 g - a potion of degeneration {unknown}
 j - 2 potions of curing {unknown}
Books
 b - a book of Necromancy

   Spells                             Type                      Level
   a - Pain                           Necromancy                   1
   b - Animate Skeleton               Necromancy                   1
   c - Vampiric Draining              Necromancy                   3
   d - Regeneration                   Charms/Necromancy            3
   e - Animate Dead                   Necromancy                   4
   f - Control Undead                 Necromancy                   4
 p - a book of Minor Magic

   Spells                             Type                      Level
   a - Magic Dart                     Conjuration                  1
   b - Blink                          Translocation                2
   c - Call Imp                       Summoning                    2
   d - Repel Missiles                 Charms/Air                   2
   e - Slow                           Hexes                        2
   f - Conjure Flame                  Conjuration/Fire             3
   g - Mephitic Cloud                 Conjuration/Poison/Air       3


   Skills:
 + Level 0.9 Short Blades
 - Level 2.1 Dodging
 + Level 3.6 Stealth
 + Level 2.5 Spellcasting
 + Level 5.0 Necromancy


You had 5 spell levels left.
You knew the following spells:

 Your Spells              Type           Power        Failure   Level  Hunger
a - Pain                  Necr           ###.         1%          1    #......
b - Animate Skeleton      Necr           N/A          1%          1    #......


Dungeon Overview and Level Annotations

Branches:
Dungeon (2/15)

Altars:
Ashenzari


Innate Abilities, Weirdness & Mutations

You heal slowly.
You have razor-sharp teeth.
You have supernaturally acute eyesight. (SInv)
You can survive without breathing.


Message History

You see here a hand axe.
You open the door.
Found a stone staircase leading down.
There is an open door here.
Found a stone staircase leading up.
s - a scroll labeled RARIAH QERETT A giant cockroach comes into view.
A giant cockroach is nearby!
Found 17 bolts.
The helpless giant cockroach fails to defend itself.
You puncture the giant cockroach!
You kill the giant cockroach!
A goblin comes into view. It is wielding a club.
Found a stone staircase leading down.
The goblin shouts!
The goblin moves out of view.
No target in view! 2 rats come into view.
The goblin completely misses you.
Are you sure you want to abandon this character and quit the game? (Confirm with "yes".)

^.....†......#
..(..........###
########.......#
#####...#
#.......#
....###...# ..
+.....# ###.Z.#
##@.#
....r.gr..#
....##....# ..
#.#..# .. .>#
### ###


You could see a goblin, 2 rats and a friendly quokka skeleton.

Vanquished Creatures
  A leopard gecko (D:1)
  5 bats
  3 giant cockroaches (D:2)
  7 goblins
  7 hobgoblins
  3 jackals (D:1)
  A frilled lizard (D:1)
  2 kobolds (D:1)
  5 rats (D:1)
  2 plants (D:1)
36 creatures vanquished.

Vanquished Creatures (collateral kills)
  A quokka (D:2)
1 creature vanquished.

Grand Total: 37 creatures vanquished

Notes
Turn   | Place    | Note
-------+----------+-------------------------------------------
     0 | D:1      | Jerry the Vampire Necromancer began the quest for the Orb.
     0 | D:1      | Reached XP level 1. HP: 13/13 MP: 3/3
   309 | D:1      | Reached XP level 2. HP: 16/19 MP: 1/5
  1496 | D:1      | Learned a level 1 spell: Animate Skeleton
  1525 | D:2      | Reached XP level 3. HP: 22/24 MP: 2/6
  1602 | D:2      | Reached skill level 5 in Necromancy
  1626 | D:2      | Found a shattered altar of Ashenzari.
  2107 | D:2      | Quit the game

Skill      XL: |  1  2  3 |
---------------+----------+-----
Necromancy     | 5 |  5.0
Short Blades   | |  0.9
Dodging        | |  2.1
Stealth        | |  3.6
Spellcasting   | |  2.5

Action                   || total
-------------------------++-------
Melee: Club              ||   184
       Bite              ||    29
       Dagger            ||    22
Throw: Tomahawk          ||    11
 Cast: Pain              ||    36
       Animate Skeleton  ||     3
  Use: Potion            ||     1
 Stab: Sleeping          ||     7
Armor: Robe              ||    11
Dodge: Dodged            ||    26
